 Dungeon Crawl Stone Soup version 0.30-a0-159-g068b764562 (webtiles) character file.

Game seed: 3864525151227799333

12170 Iusername the Cleaver (level 11, -3/99 HPs)
             Began as a Minotaur Fighter on Sept 26, 2022.
             Was a Priest of Makhleb.
             Succumbed to Nessos's poison
             ... on level 12 of the Dungeon on Sept 27, 2022.
             The game lasted 00:27:44 (16028 turns).

Iusername the Cleaver (Minotaur Fighter)           Turns: 16028, Time: 00:27:44

Health: -3/99      AC: 25    Str: 21    XL:     11   Next: 58%
Magic:  1/10       EV: 11    Int:  5    God:    Makhleb [***...]
Gold:   598        SH: 12    Dex: 20    Spells: 10/10 levels left

rFire   + + .      SeeInvis .    G - +5 war axe (vorpal)
rCold   x . .      Faith    .    i - +0 kite shield
rNeg    . . .      Spirit   +    m - +7 fire dragon scales
rPois   .          Reflect  .    (helmet restricted)
rElec   .          Harm     .    C - +1 cloak
rCorr   .          Rampage  .    (no gloves)
Will    .....                    (no boots)
Stlth   +.........               t - amulet of guardian spirit
HPRegen 0.26/turn                F - +4 ring of protection
MPRegen 0.12/turn                p - +6 ring of dexterity

@: lethally poisoned (-3 -> -41)
A: horns 2, retaliatory headbutt
a: Renounce Religion, Minor Destruction, Lesser Servant of Makhleb


You were on level 12 of the Dungeon.
You worshipped Makhleb.
Makhleb was most pleased with you.
You visited 1 branch of the dungeon, and saw 12 of its levels.

You collected 598 gold pieces.

Inventory:

Hand Weapons
 G - a +5 vorpal war axe (weapon)
Missiles
 f - 4 throwing nets
 y - 4 silver javelins
Armour
 i - a +0 kite shield (worn)
 m - +7 fire dragon scales (worn)
 C - a +1 cloak (worn)
Jewellery
 b - a ring of ice
 p - a +6 ring of dexterity (right hand)
 t - an amulet of guardian spirit (around neck)
 u - a ring of see invisible
 F - a +4 ring of protection (left hand)
 K - a +6 ring of intelligence
Wands
 a - a wand of charming (25)
 r - a wand of roots (8)
 x - a wand of digging (5)
 E - a wand of flame (42) (quivered)
Scrolls
 e - 3 scrolls of fog
 k - 3 scrolls of magic mapping
 l - a scroll of teleportation
 q - a scroll of vulnerability
 s - a scroll of immolation
 B - 3 scrolls of poison
Potions
 c - a potion of degeneration {unknown}
 d - 2 potions of might
 g - 4 potions of brilliance
 h - 3 potions of haste
 n - a potion of curing
 v - a potion of cancellation {unknown}
 w - a potion of attraction {unknown}
 z - 2 potions of magic
 A - a potion of flight
 J - a potion of mutation


   Skills:
 + Level 9.7 Fighting
 + Level 13.7 Axes
 + Level 11.0 Armour
 + Level 5.1 Dodging
 + Level 1.8 Stealth
 + Level 9.6 Shields
 + Level 1.1 Evocations


You had 10 spell levels left.
You didn't know any spells.
Your spell library contained the following spells:

 Spells                   Type           Power      Damage    Failure   Level
 Apportation              Tloc           0%         N/A       97%         1
 Freeze                   Ice            0%         1d3       97%         1
 Necrotise                Necr           0%         1d4       97%         1
 Slow                     Hex            0%         N/A       97%         1
 Summon Small Mammal      Summ           0%         N/A       97%         1
 Confusing Touch          Hex            0%         N/A       100%        3
 Frozen Ramparts          Ice            0%         1d1       100%        3
 Hailstorm                Conj/Ice       0%         3d3       100%        3
 Ignite Poison            Fire/Tmut/Pois 0%         N/A       100%        3
 Mephitic Cloud           Conj/Pois/Air  0%         N/A       100%        3
 Vampiric Draining        Necr           0%         2d6       100%        3
 Freezing Cloud           Conj/Ice/Air   0%         6-21      100%        5
 Malign Gateway           Summ/Tloc      0%         N/A       100%        7
 Summon Horrible Things   Summ           0%         N/A       100%        8


Dungeon Overview and Level Annotations

Branches:
Dungeon (12/15)            Temple (0/1) D:6             Orc (0/2) D:10
   Lair: D:8-11

Altars:
Ashenzari
Fedhas
Gozag
Makhleb
Nemelex Xobeh
Qazlal
Uskayaw
Zin
The Shining One

Annotations:
D:12 Nessos


Innate Abilities, Weirdness & Mutations

You have a pair of horns on your head.
You reflexively headbutt those who attack you in melee.


Message History

Nessos is moderately wounded.
You feel very sick.
Nessos pounds the earth with their hooves.
Nessos hits you! You block Nessos's attack. Nessos hits you!
You block Nessos's attack.
You closely miss Nessos. You headbutt Nessos.
Nessos is moderately wounded.
You feel sick. Nessos hits you but does no damage. You block Nessos's attack.
Nessos hits you but does no damage. Nessos barely misses you.
Nessos hits you but does no damage. Nessos kicks you but does no damage.
You hit Nessos.
Nessos is moderately wounded.
You feel sick.
Nessos casts a spell.
Nessos blinks!
Nessos wields a +2 longbow of flaming.
It bursts into flame!
Nessos shoots an arrow.
The arrow hits you.
You are more poisoned.
You feel very sick.
Nessos shoots an arrow.
The arrow hits you.
You are more poisoned.
Nessos shoots an arrow.
The arrow hits you but does no damage.
You feel very sick.
Nessos shoots an arrow.
You block the arrow.
You feel very sick.
Nessos shoots an arrow.
The arrow barely misses you.
You feel very sick.
Nessos shoots an arrow.
The arrow hits you!
* * * LOW HITPOINT WARNING * * *
The arrow burns you.
You are lethally poisoned!
* * * LOW HITPOINT WARNING * * *
Nessos mumbles some strange words.
Nessos blinks!
You feel better.
Nessos shoots an arrow.
You block the arrow.
Nessos shoots an arrow.
The arrow hits you!!
* * * LOW HITPOINT WARNING * * *
The arrow burns you.
You are lethally poisoned!
* * * LOW HITPOINT WARNING * * *
You die...

....#.....#.....# ..... ..#
....#...###.....# .... ...##
....+...+.......####'####.....
....#...#.....................
....#...#..#'###..............
....#####..#...#..............
...........#...#..............
...........'...#......c.......
......####.#####@.............
...#### #.......###......####
...# #.......# #..†...# ##.#
#.......# #......# #.#
#.......# #......# #.#
#.......# #......# #.#
#.......# #......# ###
######### ########


You could see Nessos (fast).

Vanquished Creatures
  Harold (D:11)
  4 two-headed ogres
  Amaemon (D:8)
  2 cyclopes (D:11)
  An ugly thing (D:11)
  An orange demon (D:8)
  A gargoyle (D:11)
  2 unseen horrors
  3 trolls
  2 hornets
  Prince Ribbit (D:8)
  Sigmund (D:3)
  Grum (D:8)
  A wyvern (D:5)
  3 yaks (D:10)
  Menkaure (D:6)
  2 acid dragons
  2 water moccasins (D:6)
  2 ice beasts
  2 sky beasts
  A black bear (D:6)
  4 wolves (D:8)
  4 ogres
  2 centaurs
  5 kobold brigands
  2 bullfrogs
  5 necrophages
  3 scorpions
  6 wights
  5 killer bees (D:8)
  3 electric eels (D:7)
  2 howler monkeys
  A jelly (D:7)
  A gnoll bouda (D:8)
  5 orc priests
  5 hounds
  Jessica (D:3)
  3 iguanas
  7 orc wizards
  7 adders
  12 gnolls
  4 shadow imps
  3 white imps
  An ufetubus (D:5)
  2 dart slugs
  37 orcs
  9 ball pythons
  6 endoplasms
  3 giant cockroaches
  6 goblins
  8 hobgoblins
  4 jackals
  3 quokkas
  5 bats
  2 frilled lizards
  38 kobolds
  3 rats
252 creatures vanquished.

Vanquished Creatures (others)
  2 plants (D:7)
2 creatures vanquished.

Grand Total: 254 creatures vanquished

Notes
Turn   | Place    | Note
-------+----------+-------------------------------------------
     0 | D:1      | Iusername the Minotaur Fighter began the quest for the Orb.
     0 | D:1      | Reached XP level 1. HP: 19/19 MP: 0/0
   466 | D:1      | Reached XP level 2. HP: 18/27 MP: 1/1
  1269 | D:2      | Reached XP level 3. HP: 29/33 MP: 2/2
  1271 | D:2      | Reached skill level 3 in Axes
  1362 | D:2      | Reached XP level 4. HP: 32/40 MP: 3/3
  2151 | D:3      | You fall into a shaft and drop 3 floors!
  2188 | D:6      | Noticed Menkaure
  2194 | D:6      | Reached skill level 5 in Armour
  2194 | D:6      | Reached XP level 5. HP: 26/47 MP: 4/4
  2199 | D:6      | Reached skill level 4 in Axes
  2207 | D:6      | Killed Menkaure
  2208 | D:6      | Reached skill level 5 in Axes
  2208 | D:6      | Reached XP level 6. HP: 10/55 MP: 5/5
  2671 | D:5      | Entered Level 5 of the Dungeon
  2700 | D:5      | Reached skill level 6 in Axes
  2745 | D:5      | Reached skill level 5 in Fighting
  2776 | D:5      | Reached XP level 7. HP: 35/61 MP: 3/6
  3513 | D:3      | Noticed Sigmund
  3811 | D:3      | Killed Sigmund
  3812 | D:3      | Reached skill level 1 in Dodging
  3834 | D:3      | Reached skill level 7 in Axes
  3834 | D:3      | Reached skill level 5 in Shields
  3912 | D:3      | Found a hide-covered altar of Uskayaw.
  3957 | D:3      | Noticed Jessica
  3961 | D:3      | Killed Jessica
  4076 | D:3      | Found a faded altar of an unknown god.
  4103 | D:3      | Prayed at the altar of an unknown god.
  4103 | D:3      | Became a worshipper of Makhleb the Destroyer
  4103 | D:3      | Reached * piety under Makhleb
  4130 | D:3      | Found an opulent altar of Gozag.
  4270 | D:3      | Reached XP level 8. HP: 35/70 MP: 3/7
  4720 | D:4      | Found a blossoming altar of Fedhas.
  4904 | D:4      | Reached ** piety under Makhleb
  5527 | D:5      | Reached skill level 8 in Axes
  6321 | D:6      | Reached XP level 9. HP: 67/79 MP: 8/8
  6408 | D:6      | Found a staircase to the Ecumenical Temple.
  6415 | D:6      | Reached skill level 9 in Axes
  6451 | D:6      | Identified a scroll of acquirement
  6451 | D:6      | Acquired +2 fire dragon scales
  7000 | D:7      | Reached skill level 1 in Stealth
  7127 | D:7      | Found a transporter.
  7169 | D:7      | Found a transporter.
  8207 | D:7      | Reached *** piety under Makhleb
  8450 | D:7      | Found a broken altar of Ashenzari.
  9178 | D:8      | Noticed Prince Ribbit
  9185 | D:8      | Reached skill level 10 in Axes
  9192 | D:8      | Killed Prince Ribbit
  9813 | D:8      | Upgraded the game from 0.30-a0-149-g7f746667c4 to
                  | 0.30-a0-159-g068b764562
 10344 | D:8      | Noticed Grum
 10354 | D:8      | Reached XP level 10. HP: 88/88 MP: 7/9
 10362 | D:8      | Killed Grum
 10552 | D:8      | Noticed Amaemon
 10553 | D:8      | Noticed an orange demon
 10579 | D:8      | Killed Amaemon
 10580 | D:8      | Reached skill level 11 in Axes
 10581 | D:8      | Killed an orange demon
 10743 | D:8      | Found a glowing silver altar of Zin.
 10743 | D:8      | Found a sparkling altar of Nemelex Xobeh.
 10830 | D:8      | Found a glowing golden altar of the Shining One.
 11140 | D:9      | Reached **** piety under Makhleb
 11157 | D:9      | Noticed a two-headed ogre
 11168 | D:9      | Killed a two-headed ogre
 11169 | D:9      | Reached skill level 10 in Armour
 11179 | D:10     | Entered Level 10 of the Dungeon
 11383 | D:10     | Found a stormy altar of Qazlal.
 11613 | D:10     | Reached skill level 12 in Axes
 11613 | D:10     | Reached skill level 1 in Evocations
 11813 | D:10     | Found a staircase to the Orcish Mines.
 12263 | D:11     | Noticed a two-headed ogre
 12266 | D:11     | Noticed a cyan ugly thing
 12272 | D:11     | Killed a two-headed ogre
 12276 | D:11     | Killed a cyan ugly thing
 12277 | D:11     | Reached XP level 11. HP: 97/97 MP: 10/10
 12448 | D:11     | Noticed a two-headed ogre
 12460 | D:11     | Killed a two-headed ogre
 12461 | D:11     | Reached skill level 13 in Axes
 12833 | D:11     | Noticed Harold
 12849 | D:11     | Killed Harold
 13439 | D:11     | Identified the +1 scale mail of Courage {rElec rPois
                  | Slay+4}
 13641 | D:12     | Noticed Nessos
 13659 | D:12     | HP: 3/97 [Nessos/arrow (11)]
 13659 | D:12     | HP: 1/97 [Nessos/arrow (2)]
 14292 | D:12     | Noticed a two-headed ogre
 14303 | D:12     | Reached skill level 5 in Dodging
 14305 | D:12     | Killed a two-headed ogre
 15262 | D:12     | Identified the +0 ring mail of the Cockatrice {rF+ Str+3
                  | Slay-6 Stlth+}
 16028 | D:12     | Succumbed to Nessos's poison

Illustrated notes

Levels and vault maps discovered:
D:1:      minmay_arrival_widening_spiral_wide, layout_basic
D:2:      layout_basic, minmay_domino_4
D:3:      layout_loops_ring, grunt_gozag_statues,
          mainiacjoe_overflow_tiny_flanked, basic_ecumenical_altar,
          uniq_jessica, uniq_sigmund
D:4:      layout_cave_pools, lemuel_tele_altar, minmay_mini_jars
D:5:      layout_basic, nicolae_underground_beach
D:6:      layout_loops_cross, minmay_temple_entry_slanted, uniq_menkaure
D:7:      gammafunk_steamed_eel, layout_loops_ring,
          lemuel_coloured_pillars_altar, minmay_stone_trees_medium
D:8:      layout_gridville, mainiacjoe_overflow_alcove_4,
          amethyst_overflow_temple_binary, eino_tiny_chamber, uniq_grum,
          uniq_amaemon, uniq_prince_ribbit1
D:9:      minmay_s_stair_smasher, layout_rooms, lair_entry_dummy
D:10:     layout_basic, mainiacjoe_overflow_cross_hatched, orc_0_dummy
D:11:     layout_cave_pods, gauntlet_entry_generic, uniq_harold
D:12:     layout_irregular_city, uniq_nessos, uniq_lodul

Skill      XL: |  1  2  3  4  5  6  7  8  9 10 11 |
---------------+----------------------------------+-----
Armour         | 4 5 6 8 9 10 11 | 11.0
Fighting       | 4 5 6 7 9 |  9.7
Axes           | 3 5 6 7 8 10 12 13 | 13.7
Shields        | 4 5 6 7 8 9 |  9.6
Dodging        | 1 2 3 4 5 |  5.1
Stealth        | 1 |  1.8
Evocations     | 1 |  1.1

Action                   |  1- 3 |  4- 6 |  7- 9 | 10-12 || total
-------------------------+-------+-------+-------+-------++-------
Melee: War axe           |    14 |       |    44 |   187 ||   245
       Hand axe          |    39 |    68 |   286 |       ||   393
       Headbutt          |     6 |    14 |    54 |    48 ||   122
Evoke: Wand              |       |     1 |     5 |     6 ||    12
  Use: Potion            |       |     1 |     1 |    11 ||    13
       Scroll            |       |       |    20 |    15 ||    35
Armor: Scale mail        |    16 |    24 |    65 |       ||   105
       Fire dragon scale |       |       |    61 |   185 ||   246
Dodge: Dodged            |    20 |    18 |   131 |   102 ||   271
Block: Kite shield       |    22 |    29 |   151 |   152 ||   354

Table legend: (Time is in decaauts)
 A = Elapsed time spent in this place.
 B = Non-inter-level travel time spent in this place.
 C = Inter-level travel time spent in this place.
 D = Time resting spent in this place.
 E = Time spent auto-exploring this place.
 F = Levels seen in this place.
 G = Mean time per level.
                   A        B        C        D        E       F      G
               +--------+--------+--------+--------+--------+-----+--------+
         Total |  16117 |  15826 |    291 |   6376 |   7240 |  12 | 1343.1 |
       Dungeon |  16117 |  15826 |    291 |   6376 |   7240 |  12 | 1343.1 |
               +--------+--------+--------+--------+--------+-----+--------+

Top non-repeatable levels by time:
    D:12: 2493 daAuts
     D:8: 2487 daAuts
     D:5: 1743 daAuts
     D:7: 1513 daAuts
    D:11: 1309 daAuts
     D:6: 1299 daAuts
     D:2: 1290 daAuts
     D:1: 1163 daAuts
    D:10: 1074 daAuts
     D:3: 786 daAuts
     D:4: 763 daAuts
     D:9: 193 daAuts
